Map: 이페머론 - 래더

Players

Hurricane

  • Race: Protoss Protoss
  • Spawn Location: 11:00

sOs - Winner!

  • Race: Protoss Protoss
  • Spawn Location: 5:00

Event: IEM Katowice 2020

VOD

Have the link to the VOD?

Description

Time

  • Played on: Feb. 28, 2020, 11:21 a.m.
  • Length: 6:37

All games in this series

Show
View Real Time Build Order
Export as new Build Order

Hurricane Protoss 

Build Orders: Phoenix Opening 

Get SALT Encoding   

  12  0:00  Probe  
  13  0:12  Probe  
  14  0:18  Pylon  
  14  0:25  Probe  
  15  0:37  Probe (Chrono Boost)  
  15  0:38  Gateway  
  16  0:46  Probe (Chrono Boost)  
  16  0:49  Assimilator  
  17  0:51  Probe  
  17  0:55  Assimilator  
  18  1:03  Probe (Chrono Boost)  
  19  1:08  Gateway  
  19  1:13  Probe (Chrono Boost)  
  19  1:18  Probe (Chrono Boost)  
  20  1:25  Cybernetics Core  
  21  1:29  Probe  
  22  1:36  Pylon  
  22  1:41  Probe  
  23  1:54  Probe  
  24  2:02  Warp Gate, Sentry, Stalker  
  28  2:10  Pylon  
  28  2:26  Pylon  
  28  2:31  Adept x2  
  32  2:56  Nexus  
  32  2:59  Phoenix  
  32  3:03  Probe  
  33  3:19  Sentry  
  34  3:23  Stalker  
  34  3:25  Probe  
  37  3:37  Probe, Shield Battery  
  38  3:51  Probe  
  39  3:57  Robotics Facility  
  39  4:03  Pylon  
  39  4:08  Probe (Chrono Boost)  
  40  4:11  Probe (Chrono Boost), Stalker  
  40  4:12  Stalker  
  45  4:20  Probe (Chrono Boost)  
  46  4:26  Probe (Chrono Boost), Shield Battery  
  45  4:35  Probe  
  45  4:36  Probe  
  40  4:43  Stalker  
  40  4:44  Stalker  
  44  4:46  Observer (Chrono Boost)  
  44  4:47  Probe  
  46  4:52  Shield Battery  
  46  4:55  Probe  
  47  5:03  Probe  
  48  5:07  Immortal (Chrono Boost)  
  48  5:09  Stalker  
  48  5:12  Stalker  
  56  5:16  Probe x2  
  58  5:28  Gateway  
  58  5:30  Gateway  
  58  5:32  Sentry  
  58  5:33  Probe x2  
  62  5:40  Pylon  
  62  5:44  Forge  
  58  5:51  Stalker  
  58  5:54  Probe x2  
  53  6:01  Stalker  
  50  6:06  Probe  
  43  6:14  Probe  
  44  6:19  Probe  
  44  6:20  Stalker  
  45  6:26  Stalker x2  
Show
View Real Time Build Order
Export as new Build Order

sOs Protoss - Winner!

Build Orders: Mass Adepts 

Get SALT Encoding   

  12  0:00  Probe  
  13  0:12  Probe  
  14  0:17  Pylon  
  14  0:24  Probe (Chrono Boost)  
  15  0:37  Probe (Chrono Boost)  
  15  0:39  Gateway  
  16  0:43  Probe (Chrono Boost)  
  16  0:49  Assimilator  
  17  0:51  Probe  
  17  0:54  Assimilator  
  18  1:03  Probe (Chrono Boost)  
  19  1:07  Gateway  
  19  1:12  Probe (Chrono Boost)  
  19  1:17  Probe (Chrono Boost)  
  21  1:25  Cybernetics Core  
  21  1:29  Probe  
  22  1:33  Pylon  
  22  1:41  Probe  
  23  1:53  Probe  
  24  2:02  Warp Gate, Adept x2  
  24  2:06  Probe  
  29  2:11  Pylon  
  29  2:35  Adept x2  
  33  2:50  Probe  
  34  3:01  Nexus  
  34  3:10  Adept x2  
  38  3:18  Probe  
  37  3:22  Pylon  
  37  3:28  Twilight Council  
  37  3:31  Probe (Chrono Boost)  
  39  3:41  Probe (Chrono Boost)  
  39  3:46  Probe (Chrono Boost)  
  40  3:50  Adept x2  
  44  3:57  Probe  
  44  3:58  Resonating Glaives (Chrono Boost)  
  45  4:09  Probe  
  46  4:13  Probe, Adept x2  
  51  4:21  Probe  
  52  4:25  Probe, Robotics Facility  
  53  4:34  Probe  
  53  4:37  Probe  
  55  4:44  Adept x2  
  57  4:49  Pylon  
  57  4:52  Gateway  
  57  5:00  Pylon  
  57  5:01  Probe x2  
  57  5:06  Adept  
  61  5:07  Adept  
  61  5:09  Shield Battery  
  63  5:15  Immortal (Chrono Boost)  
  67  5:30  Gateway  
  67  5:31  Gateway  
  67  5:33  Gateway  
  67  5:35  Sentry x2  
  71  5:39  Gateway  
  71  5:46  Warp Prism (Chrono Boost)  
  71  5:59  Adept x2, Sentry  
  71  6:07  Probe x2  
  71  6:15  Pylon  
  71  6:19  Observer (Chrono Boost)  
  70  6:29  Adept x4  
  70  6:30  Adept  

Tags
 
Add a new tag
Caveats
  • Supply blocks, unpowered buildings, or Contaminate may cause inaccurate times.
  • Supply counts are checked every 10 seconds.